 Dungeon Crawl Stone Soup version 0.30.1 (webtiles) character file.

Game seed: 3891307590036822095

47 Babbit the Trooper (level 3, -4/33 HPs)
             Began as a Minotaur Fighter on July 10, 2023.
             Slain by Crazy Yiuf
             ... wielding a +3 quarterstaff of chaos
              (12 damage)
             ... on level 3 of the Dungeon.
             The game lasted 00:09:25 (1292 turns).

Babbit the Trooper (Minotaur Fighter)               Turns: 1292, Time: 00:09:25

Health: -4/33      AC:  7    Str: 22    XL:     3   Next: 48%
Magic:  2/2        EV:  9    Int:  5    God:
Gold:   96         SH:  5    Dex: 15    Spells: 2/2 levels left

rFire   . . .        a - +0 war axe
rCold   . . .        c - +0 buckler
rNeg    . . .        b - +0 scale mail
rPois   .            (helmet restricted)
rElec   .            (no cloak)
rCorr   .            (no gloves)
SInv    .            (no boots)
Will    .....        (no amulet) Stlth
                     f - ring of flight
HPRegen 0.25/turn    h - +6 ring of dexterity
MPRegen 0.08/turn

%: no passive effects
@: lethally poisoned (-4 -> -5), flying
A: horns 2, retaliatory headbutt
a: no special abilities


You were on level 3 of the Dungeon.
You visited 1 branch of the dungeon, and saw 3 of its levels.

You collected 96 gold pieces.

Inventory:

Hand Weapons
 a - a +0 war axe (weapon)
Missiles
 g - 4 stones (quivered)
Armour
 b - a +0 scale mail (worn)
 c - a +0 buckler (worn)
Jewellery
 f - a ring of flight (left hand)
 h - a +6 ring of dexterity (right hand)
 l - a ring of wizardry
Scrolls
 j - a scroll of magic mapping {unknown}
 k - a scroll of brand weapon {unknown}
 n - a scroll of amnesia {unknown}
Potions
 d - a potion of might
 e - a potion of heal wounds
 m - a potion of cancellation {unknown}


   Skills:
 + Level 4.1 Fighting
 * Level 3.5 Axes
 + Level 4.0 Armour
 + Level 4.1 Shields


You had 2 spell levels left.
You didn't know any spells.
Your spell library contained the following spells:

 Spells                   Type           Power      Damage    Failure   Level
 Foxfire                  Conj/Fire      0%         2x1d4     86%         1
 Lesser Beckoning         Tloc           0%         N/A       94%         2
 Poisonous Vapours        Pois/Air       0%         N/A       94%         2
 Gell's Gravitas          Tloc           0%         N/A       99%         3
 Mephitic Cloud           Conj/Pois/Air  0%         N/A       99%         3
 Teleport Other           Tloc           0%         N/A       99%         3
 Vampiric Draining        Necr           0%         2d6       99%         3
 Volatile Blastmotes      Fire/Tloc      0%         2d10      99%         3
 Dispel Undead            Necr           0%         3d6       100%        4
 Freezing Cloud           Conj/Ice/Air   0%         6-21      100%        5
 Fire Storm               Conj/Fire      0%         5d1       100%        9


Dungeon Overview and Level Annotations

Branches:
Dungeon (3/15)

Altars:

Annotations:
D:3 Crazy Yiuf


Innate Abilities, Weirdness & Mutations

You have a pair of horns on your head.
You reflexively headbutt those who attack you in melee.


Message History

The giant cockroach bites you but does no damage.
You hit the giant cockroach but do no damage.
Your headbutt misses the giant cockroach.
The giant cockroach barely misses you. You furiously retaliate!
You headbutt the giant cockroach!
You kill the giant cockroach!
Found a hammer.
You see here a +0 hammer.
Found two hammers.
Found a runed translucent door.
Crazy Yiuf shouts!
You see here a +0 hammer.
Found a hammer.
As you open the door, it creaks loudly!
Crazy Yiuf yells, "Island sizzlefizz mumblescurry!"
Crazy Yiuf zaps a wand.
The puff of flame hits you.
Crazy Yiuf zaps a wand.
The puff of flame hits you.
There is an open translucent door here.
You hit Crazy Yiuf.
Crazy Yiuf is lightly wounded.
Crazy Yiuf laughs, "Ten bush testudinal!"
Crazy Yiuf hits you with a +3 quarterstaff of chaos.
You resist with some effort.
Crazy Yiuf hits you with a +3 quarterstaff of chaos.
You slash Crazy Yiuf!
Crazy Yiuf is heavily wounded.
Crazy Yiuf hits you but does no damage.
You are poisoned.
You hit Crazy Yiuf but do no damage.
Crazy Yiuf is heavily wounded.
You feel sick. You block Crazy Yiuf's attack.
You slash Crazy Yiuf!
Crazy Yiuf is almost dead.
You feel sick.
Crazy Yiuf zaps a wand.
The puff of flame hits you!
* * * LOW HITPOINT WARNING * * *
Crazy Yiuf closely misses you.
You barely miss Crazy Yiuf. Your headbutt misses Crazy Yiuf.
Crazy Yiuf is almost dead.
You feel sick.
Crazy Yiuf hits you with a +3 quarterstaff of chaos!
You die...

#....#
♣....♣
♣♣..)♣
♣♣.♣♣
♣♣.♣
♣.♣♣
♣♣)♣
♣.♣♣
#@#
#.g.#
#..)#
#)..#
#####


You could see Crazy Yiuf.

Vanquished Creatures
  An adder (D:2)
  A worm (D:2)
  A dart slug (D:3)
  4 bats
  3 endoplasms
  2 giant cockroaches
  3 goblins
  A hobgoblin (D:1)
  4 jackals (D:2)
  2 quokkas (D:1)
  A ball python (D:1)
  A frilled lizard (D:2)
  4 kobolds
  2 rats
30 creatures vanquished.

Notes
Turn   | Place    | Note
-------+----------+-------------------------------------------
     0 | D:1      | Babbit the Minotaur Fighter began the quest for the Orb.
     0 | D:1      | Reached XP level 1. HP: 19/19 MP: 0/0
     4 | D:1      | Got the Lessons on the Summer and the Graveyard
   219 | D:1      | Reached XP level 2. HP: 22/27 MP: 1/1
   577 | D:2      | Reached XP level 3. HP: 33/33 MP: 2/2
  1282 | D:3      | Found a runed translucent door.
  1283 | D:3      | Noticed Crazy Yiuf
  1292 | D:3      | Slain by Crazy Yiuf

Illustrated notes

Levels and vault maps discovered:
D:1:      dpeg_arrival_simpleton_b, layout_rooms
D:2:      layout_loops_ring
D:3:      layout_loops_corners, mainiacjoe_overflow_concentric_impassable,
          serial_shops, shop, kennysheep_generic_room_6,
          uniq_crazy_yiuf_cottage, uniq_robin

Skill      XL: |  1  2  3 |
---------------+----------+-----
Axes           | 3 |  3.5
Fighting       | 4 |  4.1
Armour         | 4 |  4.0
Shields        | 4 |  4.1

Action                     || total
---------------------------++-------
  Melee: War axe           ||    69
         Headbutt          ||    11
  Throw: Stone             ||    16
    Use: Scroll            ||     1
 Armour: Scale mail        ||    31
  Dodge: Dodged            ||    33
  Block: Buckler           ||    16
